 Dungeon Crawl Stone Soup version 0.26-a0-599-gc8f6553d2c (webtiles) character file.

Game seed: 5936322761179579576

3094 Gargoyl the Fighter (level 9, 0/111 HPs)
             Began as a Gnoll Abyssal Knight on Aug 28, 2020.
             Was a Priest of Lugonu.
             Slain by a crocodile (10 damage)
             ... on level 8 of the Dungeon on Aug 29, 2020.
             The game lasted 00:13:00 (8730 turns).

Gargoyl the Fighter (Gnoll Abyssal Knight)          Turns: 8730, Time: 00:13:01

Health: 0/111      AC: 24    Str: 19    XL:     9   Next: 90%
Magic:  12/16      EV:  2    Int: 14    God:    Lugonu [***...]
Gold:   290        SH:  0    Dex: 14    Spells: 17/17 levels left

rFire    . . .     SeeInvis +   a - +2 hand axe
rCold    + . .     Faith    .   (no shield)
rNeg     + + +     Spirit   .   (armour currently unavailable)
rPois    +         Reflect  .   (helmet currently unavailable)
rElec    .         Harm     .   (cloak currently unavailable)
rCorr    .         NoTele   +   (gloves currently unavailable)
MR       .....                  (boots currently unavailable)
Stlth    +++.......             (no amulet)
HPRegen  0.28/turn              s - ring of protection from cold
MPRegen  0.15/turn              k - ring of see invisible

@: lethally poisoned (0 -> -1), tree-form
A: distributed training, strong nose
a: Depart the Abyss, Bend Space, Banish, Renounce Religion


You were on level 8 of the Dungeon.
You worshipped Lugonu.
Lugonu was most pleased with you.
You were a tree.
You visited 1 branch of the dungeon, and saw 8 of its levels.
You visited the Abyss 1 time.

You collected 290 gold pieces.

Inventory:

Hand Weapons
 a - a +2 hand axe (weapon)
 h - a -2 hand axe
Missiles
 t - 5 boomerangs (quivered)
Armour
 d - a +1 plate armour (melded)
 g - a +2 pair of boots (melded)
 p - a +0 pair of gloves (melded)
 u - a scarf of resistance (melded)
Jewellery
 k - a ring of see invisible (right branch)
 s - a ring of protection from cold (left branch)
 y - an uncursed ring of resist corrosion
Wands
 m - a wand of polymorph (3)
Scrolls
 c - a scroll of identify
 j - a scroll of teleportation
 q - a scroll of magic mapping
Potions
 b - 2 potions of haste
 f - 2 potions of flight
 i - 2 potions of curing
 n - a potion of resistance
 o - a potion of stabbing
 v - a potion of might
 z - a potion of brilliance


   Skills:
 + Level 8.1 Fighting
 + Level 4.6 Short Blades
 + Level 4.6 Long Blades
 + Level 6.6 Axes
 + Level 4.6 Maces & Flails
 + Level 4.6 Polearms
 + Level 4.6 Staves
 + Level 4.6 Slings
 + Level 4.6 Bows
 + Level 4.6 Crossbows
 + Level 4.6 Throwing
 + Level 6.6 Armour
 + Level 5.4 Dodging
 + Level 4.6 Stealth
 + Level 4.6 Shields
 + Level 4.6 Unarmed Combat
 + Level 4.6 Spellcasting
 + Level 3.8 Conjurations
 + Level 3.8 Hexes
 + Level 3.8 Summonings
 + Level 3.8 Necromancy
 + Level 3.8 Translocations
 + Level 3.8 Transmutations
 + Level 3.8 Fire Magic
 + Level 3.8 Ice Magic
 + Level 3.8 Air Magic
 + Level 3.8 Earth Magic
 + Level 3.8 Poison Magic
 + Level 7.0 Invocations
 + Level 4.6 Evocations


You had 17 spell levels left.
You didn't know any spells.
Your spell library contained the following spells:

 Spells                   Type           Power        Failure   Level
 Animate Skeleton         Necr           ##....       3%          1
 Apportation              Tloc           ##....       3%          1
 Corona                   Hex            ##.....      3%          1
 Freeze                   Ice            ##..         3%          1
 Summon Small Mammal      Summ           ##..         3%          1
 Ensorcelled Hibernation  Hex/Ice        ##....       5%          2
 Confusing Touch          Hex            ##......     11%         3
 Dazzling Flash           Conj/Hex       ##....       11%         3
 Frozen Ramparts          Ice            ##....       11%         3
 Ozocubu's Armour         Ice            ##......     11%         3
 Tukima's Dance           Hex            ##......     11%         3
 Hailstorm                Conj/Ice       ##......     36%         4
 Summon Ice Beast         Ice/Summ       ##......     36%         4


Dungeon Overview and Level Annotations

Branches:
Dungeon (8/15)             Temple (0/1) D:7
   Lair: D:8-11

Altars:
Ashenzari
Cheibriados
Dithmenos
Fedhas
Hepliaklqana
Kikubaaqudgha
Nemelex Xobeh
Qazlal
Trog
Uskayaw
Vehumet
Wu Jian
Xom
The Shining One

Shops:
D:5 =


Innate Abilities, Weirdness & Mutations

Your experience applies equally to all skills.
((You have very sharp teeth.))
Your uncanny sense of smell can sniff out nearby items.


Message History

The killer bee stings you but does no damage.
The crocodile completely misses you.
The killer bee stings you but does no damage.
You hit the crocodile.
The crocodile is heavily wounded.
You miss the killer bee.
The killer bee stings you but does no damage.
The crocodile bites you.
* * * LOW HITPOINT WARNING * * *
Unknown command.
Press: ? - help, Shift-Dir - straight line, f - killer bee
Aim: a killer bee (severely wounded, chance to defeat MR: 89%)
The killer bee is devoured by a tear in reality.
Lugonu claims a new guest.
You feel sick. The crocodile bites you.
* * * LOW HITPOINT WARNING * * *
Press: ? - help, Shift-Dir - straight line, f - crocodile
Aim: a crocodile (heavily wounded, chance to defeat MR: 84%)
You fail to use your ability.
The crocodile bites you!
You die...

#...........
#.....?...#
#.........#
#.........#
#.........#
#.........#
####
#.....§§..#
#...
######§#..#
##### #♣# .#
## #t# # .y#
#.## ∆ #. ..
.. ... ∆ ∆


You could see a crocodile and a killer bee.

Vanquished Creatures
  Joseph (D:7)
  Duvessa (D:4)
  A water moccasin (D:8)
  An ogre (D:8)
  A sky beast (D:7)
  2 ice beasts
  4 centaurs
  2 bullfrogs
  2 scorpions
  3 killer bees (D:8)
  A howler monkey (D:5)
  2 bullfrog zombies (D:5)
  3 hounds
  7 orc wizards
  An orc priest (D:6)
  2 centaur skeletons (D:6)
  An iguana (D:6)
  Ijyb (D:3)
  Crazy Yiuf (D:3)
  Natasha (twice) (D:3)
  5 worker ants
  A hound skeleton (D:7)
  A hound zombie (D:6)
  2 worker ant zombies (D:5)
  A howler monkey skeleton (D:7)
  10 adders
  2 shadow imps (D:5)
  A white imp (D:6)
  3 ufetubi
  2 adder skeletons
  2 worms
  3 dart slugs
  5 leopard geckos
  20 orcs
  6 giant cockroaches
  8 goblins
  11 hobgoblins
  6 jackals
  10 kobolds
  6 quokkas
  3 ball pythons
  6 bats
  7 frilled lizards
  A leopard gecko zombie (D:8)
  A quokka zombie (D:4)
  6 rats
168 creatures vanquished.

Vanquished Creatures (others)
  A human (D:5)
  35 plants (D:8)
  2 starspawn tentacles (Abyss:1)
38 creatures vanquished.

Grand Total: 206 creatures vanquished

Notes
Turn   | Place    | Note
-------+----------+-------------------------------------------
     0 | Abyss:1  | Gargoyl the Gnoll Abyssal Knight began the quest for the
                  | Orb.
     0 | Abyss:1  | Reached XP level 1. HP: 23/23 MP: 3/3
    87 | Abyss:1  | Noticed a tentacled starspawn
   115 | Abyss:1  | Noticed a raiju
   118 | D:1      | Escaped the Abyss
   506 | D:1      | Reached * piety under Lugonu
   506 | D:1      | Reached XP level 2. HP: 29/29 MP: 5/5
   654 | D:1      | Found a snail-covered altar of Cheibriados.
  1151 | D:1      | Reached XP level 3. HP: 35/35 MP: 6/6
  1625 | D:2      | Found a bloodstained altar of Trog.
  1810 | D:2      | Reached skill level 1 in Short Blades
  1810 | D:2      | Reached skill level 1 in Long Blades
  1810 | D:2      | Reached skill level 1 in Maces & Flails
  1810 | D:2      | Reached skill level 1 in Polearms
  1810 | D:2      | Reached skill level 1 in Staves
  1810 | D:2      | Reached skill level 1 in Slings
  1810 | D:2      | Reached skill level 1 in Bows
  1810 | D:2      | Reached skill level 1 in Crossbows
  1810 | D:2      | Reached skill level 1 in Throwing
  1810 | D:2      | Reached skill level 1 in Stealth
  1810 | D:2      | Reached skill level 1 in Shields
  1810 | D:2      | Reached skill level 1 in Unarmed Combat
  1810 | D:2      | Reached skill level 1 in Spellcasting
  1810 | D:2      | Reached skill level 1 in Evocations
  1825 | D:2      | Reached XP level 4. HP: 28/41 MP: 7/7
  2221 | D:3      | Reached ** piety under Lugonu
  2412 | D:3      | Noticed Natasha
  2427 | D:3      | Killed Natasha
  2427 | D:3      | Reached skill level 1 in Conjurations
  2427 | D:3      | Reached skill level 1 in Hexes
  2427 | D:3      | Reached skill level 1 in Summonings
  2427 | D:3      | Reached skill level 1 in Necromancy
  2427 | D:3      | Reached skill level 1 in Translocations
  2427 | D:3      | Reached skill level 1 in Transmutations
  2427 | D:3      | Reached skill level 1 in Fire Magic
  2427 | D:3      | Reached skill level 1 in Ice Magic
  2427 | D:3      | Reached skill level 1 in Air Magic
  2427 | D:3      | Reached skill level 1 in Earth Magic
  2427 | D:3      | Reached skill level 1 in Poison Magic
  2440 | D:3      | Reached XP level 5. HP: 36/47 MP: 8/8
  2491 | D:3      | Noticed Natasha
  2753 | D:3      | Noticed Ijyb
  2804 | D:3      | Killed Ijyb
  2851 | D:3      | Found a runed translucent door.
  2852 | D:3      | Noticed Crazy Yiuf
  2967 | D:3      | Killed Natasha
  3301 | D:3      | Paralysed by Crazy Yiuf for 2 turns
  3308 | D:3      | Killed Crazy Yiuf
  3308 | D:3      | Reached skill level 5 in Invocations
  3587 | D:4      | Noticed Dowan
  3587 | D:4      | Noticed Duvessa
  3616 | D:4      | Killed Duvessa
  3616 | D:4      | Reached skill level 5 in Axes
  3616 | D:4      | Reached skill level 5 in Armour
  3616 | D:4      | Reached XP level 6. HP: 53/53 MP: 9/9
  3625 | D:4      | Noticed Dowan
  3625 | D:4      | Dowan changed into Dowan the worm
  3632 | D:4      | Killed Dowan the worm
  3987 | D:4      | Found a hazy altar of Hepliaklqana.
  3988 | D:4      | Found a shimmering altar of Xom.
  3989 | D:4      | Noticed a spectral ugly thing
  4199 | D:5      | Entered Level 5 of the Dungeon
  4218 | D:5      | Reached XP level 7. HP: 55/59 MP: 10/10
  4240 | D:5      | Upgraded the game from 0.26-a0-598-g61e6210cf4 to
                  | 0.26-a0-599-gc8f6553d2c
  4274 | D:5      | Reached skill level 7 in Fighting
  4309 | D:5      | Reached *** piety under Lugonu
  4961 | D:5      | Reached XP level 8. HP: 66/67 MP: 12/12
  4995 | D:5      | Found an ancient bone altar of Kikubaaqudgha.
  5160 | D:5      | Found Fobreg's Jewellery Shop.
  5170 | D:5      | Found a glowing golden altar of the Shining One.
  5702 | D:6      | HP: 2/67 [orc warrior/+0 long sword (14)]
  6028 | D:6      | Found a hide-covered altar of Uskayaw.
  6097 | D:6      | Found a blossoming altar of Fedhas.
  6206 | D:6      | Found an ornate altar of the Wu Jian Council.
  6642 | D:6      | Found a stormy altar of Qazlal.
  6652 | D:6      | Found an ancient bone altar of Kikubaaqudgha.
  6741 | D:6      | Found a radiant altar of Vehumet.
  6878 | D:6      | Found a sparkling altar of Nemelex Xobeh.
  6971 | D:7      | Noticed Joseph
  6985 | D:7      | HP: 1/67 [Joseph/+0 quarterstaff (9)]
  7005 | D:7      | HP: 2/67 [Joseph/+0 quarterstaff (11)]
  7043 | D:7      | HP: 1/67 [Joseph/+0 quarterstaff (9)]
  7045 | D:7      | Killed Joseph
  7045 | D:7      | Reached XP level 9. HP: 23/73 MP: 13/15
  7410 | D:7      | Found a shattered altar of Ashenzari.
  7625 | D:7      | Found a staircase to the Ecumenical Temple.
  7714 | D:7      | Reached skill level 5 in Dodging
  7916 | D:8      | Found a shadowy altar of Dithmenos.
  8152 | D:8      | Reached skill level 8 in Fighting
  8730 | D:8      | Slain by a crocodile

Illustrated notes

Levels and vault maps discovered:
D:1:      elethiomel_arrival_quiet, layout_loops_ring, chequers_jeans,
          minmay_crystal_room, cheibriados_altar_1
D:2:      layout_basic, old_standard_altar
D:3:      layout_basic, uniq_natasha, uniq_crazy_yiuf_cottage, uniq_ijyb
D:4:      layout_loops_ring, regret_index_temple_of_mockery, st_stairs_10,
          uniq_duvessa
D:5:      layout_loops_ring, lemuel_crystal_altar, serial_shops, shop,
          nrook_campfire, grunt_decor_mini_mirrors, grunt_ministairs_8,
          tgw_kikubaaqudgha
D:6:      layout_loops_ring, lemuel_doored_altar,
          nicolae_overflow_quartered_altars, fedhas_bush_and_centaur_altar,
          eat_drink_and_be_merry_uskayaw
D:7:      layout_rooms, ashenzari_altar_1,
          minmay_temple_entry_statues_fountains, minmay_misc_feat_enclosed,
          uniq_joseph
D:8:      layout_rooms, nicolae_overflow_hidden_temple, grunt_dithmenos_smoke,
          david_lair_shrubbed, hangedman_abyss_or_decor_jellyfish_corner

Skill      XL: |  1  2  3  4  5  6  7  8  9 |
---------------+----------------------------+-----
Short Blades   | 1 2 4 |  4.6
Long Blades    | 1 2 4 |  4.6
Maces & Flails | 1 2 4 |  4.6
Polearms       | 1 2 4 |  4.6
Staves         | 1 2 4 |  4.6
Slings         | 1 2 4 |  4.6
Bows           | 1 2 4 |  4.6
Crossbows      | 1 2 4 |  4.6
Throwing       | 1 2 4 |  4.6
Stealth        | 1 2 4 |  4.6
Shields        | 1 2 4 |  4.6
Unarmed Combat | 1 2 4 |  4.6
Spellcasting   | 1 2 4 |  4.6
Evocations     | 1 2 4 |  4.6
Conjurations   | 1 2 3 |  3.8
Hexes          | 1 2 3 |  3.8
Summonings     | 1 2 3 |  3.8
Necromancy     | 1 2 3 |  3.8
Translocations | 1 2 3 |  3.8
Transmutations | 1 2 3 |  3.8
Fire Magic     | 1 2 3 |  3.8
Ice Magic      | 1 2 3 |  3.8
Air Magic      | 1 2 3 |  3.8
Earth Magic    | 1 2 3 |  3.8
Poison Magic   | 1 2 3 |  3.8
Dodging        | 3 4 5 |  5.4
Invocations    | 5 6 7 |  7.0
Axes           | 5 6 |  6.6
Armour         | 5 6 |  6.6
Fighting       | 7 8 |  8.1

Action                   |  1- 3 |  4- 6 |  7- 9 || total
-------------------------+-------+-------+-------++-------
Melee: Hand axe          |   126 |   198 |   622 ||   946
       Bite              |     7 |    18 |    79 ||   104
       Unarmed           |       |     8 |       ||     8
       Punch             |       |       |    14 ||    14
Throw: Boomerang         |       |       |     6 ||     6
Invok: Depart the Abyss  |     1 |       |       ||     1
       Banish            |       |       |     6 ||     6
Evoke: Wand              |       |     1 |       ||     1
  Use: Scroll            |     2 |     8 |    10 ||    20
       Potion            |       |     1 |    15 ||    16
Armor: Plate armour      |    82 |   121 |   411 ||   614
       Skin              |       |    35 |   164 ||   199
Dodge: Dodged            |    34 |    81 |   245 ||   360

Table legend: (Time is in decaauts)
 A = Elapsed time spent in this place.
 B = Non-inter-level travel time spent in this place.
 C = Inter-level travel time spent in this place.
 D = Time resting spent in this place.
 E = Time spent auto-exploring this place.
 F = Levels seen in this place.
 G = Mean time per level.
                   A        B        C        D        E       F      G
               +--------+--------+--------+--------+--------+-----+--------+
         Total |   8766 |   8578 |    188 |   1919 |   4769 |   9 |  974.0 |
       Dungeon |   8648 |   8460 |    188 |   1919 |   4696 |   8 | 1081.0 |
         Abyss |    118 |    118 |      0 |      0 |     73 |   1 |  118.0 |
               +--------+--------+--------+--------+--------+-----+--------+

Top non-repeatable levels by time:
     D:6: 1647 daAuts
     D:3: 1328 daAuts
     D:7: 1309 daAuts
     D:5: 1128 daAuts
     D:1: 1121 daAuts
     D:2: 1000 daAuts
     D:4: 652 daAuts
     D:8: 459 daAuts
 Abyss:1: 118 daAuts
